AoeStats
← eloycorsob

Oasis

509715325Analyzed
4v4 RM · 6d ago on Sep 27, 2026· 72m 12s· 8 players
Game mode
Random Map
Map size
Large (8 player)
Population
200
Speed
Normal
Resources
Standard
Victory
Conquest
Starting age
Dark Age
Ending age
Imperial Age
RankedLock teamsTeams togetherTeam positionsShared explorationLock speedFull tech treeHidden civsTurbo modeCheats
Victory
Defeat
🇫🇷 Bulgarians · France
692
+11
🇬🇧 Franks · United Kingdom
688
+11
🇦🇷 Britons · Argentina
527
+18
🇺🇸 Turks · United States
509
+19
🇩🇪 Hindustanis · Germany
633
-17
🇪🇸 Maya · Spain
604
-16
🇹🇷 Koreans · Türkiye
549
-14
🇩🇰 Franks · Denmark
521
-12
eloycorsob
0:44 Loom
13:13 Feudal Age
20:17 Double-Bit Axe
20:17 Horse Collar
22:43 Gold Mining
22:44 Stone Mining
23:59 Wheelbarrow
26:18 Wheelbarrow
30:42 Castle Age
30:35 Forging
30:26 Scale Mail Armor
30:17 Fletching
30:27 Padded Archer Armor
31:55 Heavy Plow
32:09 Bow Saw
32:16 Crossbowman
33:37 Iron Casting
33:17 Chain Mail Armor
32:57 Bodkin Arrow
33:52 Caravan
34:35 Stone Shaft Mining
34:16 Thumb Ring
34:39 Hand Cart
34:52 Leather Archer Armor
40:37 Hul'che Javelineers
43:39 Imperial Age
43:47 Imperial Age
42:54 Heated Shot
43:25 Ballistics
43:11 Bodkin Arrow
43:29 Elite Skirmisher
43:51 Capped Ram
43:55 Onager
44:37 Arbalester
47:24 Chemistry
47:30 Chemistry
47:05 Ring Archer Armor
48:58 Heavy Scorpion
52:16 Pikeman
52:58 Squires
52:46 Arson
52:25 Eagle Warrior
54:17 Halberdier
64:18 Crop Rotation
65:55 Two-Man Saw
heffenstinner
0:31 Loom
13:19 Feudal Age
18:53 Wheelbarrow
20:59 Castle Age
18:48 Town Watch
20:56 Double-Bit Axe
20:57 Horse Collar
25:23 Bow Saw
27:04 Gold Mining
28:09 Stone Mining
28:55 Gold Shaft Mining
28:33 Fortified Wall
31:10 Imperial Age
31:18 Stone Shaft Mining
31:27 Hand Cart
33:00 Chemistry
40:20 Elite Ghulam
42:54 Caravan
45:54 Two-Man Saw
44:57 Town Patrol
45:15 Grand Trunk Road
46:00 Elite Skirmisher
47:13 Conscription
49:43 Shatagni
50:10 Forging
49:51 Fletching
50:01 Padded Archer Armor
50:02 Scale Mail Armor
50:56 Husbandry
51:20 Heavy Camel Rider
53:19 Imperial Camel Rider
59:10 Scale Barding Armor
59:40 Iron Casting
62:00 Pikeman
62:40 Squires
Tjoke
11:33 Feudal Age
12:19 Double-Bit Axe
14:56 Wheelbarrow
18:17 Stone Mining
22:49 Castle Age
22:31 Gold Mining
26:00 Gold Shaft Mining
26:20 Husbandry
26:31 Scale Barding Armor
26:38 Forging
32:53 Hand Cart
32:25 Town Watch
34:20 Light Cavalry
35:43 Iron Casting
46:40 Town Patrol
46:26 Loom
51:38 Imperial Age
51:57 Cavalier
56:42 Chain Barding Armor
60:29 Paladin
63:24 Plate Barding Armor
63:50 Blast Furnace
67:58 Pikeman
68:58 Halberdier
Taha Bey
13:55 Feudal Age
18:56 Castle Age
18:47 Horse Collar
18:57 Double-Bit Axe
21:10 Heavy Plow
26:47 Bow Saw
28:41 Wheelbarrow
29:49 Stone Mining
29:53 Gold Mining
35:00 Imperial Age
33:13 Hand Cart
36:54 Two-Man Saw
36:18 Fletching
36:41 Thumb Ring
35:57 Crossbowman
37:12 Conscription
37:14 Shinkichon
38:12 Stone Shaft Mining
38:12 Gold Shaft Mining
37:53 Eupseong
38:13 Murder Holes
38:02 Treadmill Crane
39:23 Chemistry
38:28 Arbalester
41:25 Elite War Wagon
43:20 Bodkin Arrow
44:49 Pikeman
45:16 Arson
45:34 Squires
47:06 Ballistics
46:58 Fortified Wall
47:05 Halberdier
47:47 Elite Skirmisher
48:29 Heavy Rocket Cart
52:55 Elite Fire Lancer
53:36 Light Cavalry
56:26 Scale Barding Armor
56:22 Scale Mail Armor
56:33 Forging
cbgb
9:51 Loom
12:03 Feudal Age
12:39 Double-Bit Axe
14:34 Wheelbarrow
13:59 Horse Collar
19:05 Castle Age
20:56 Bow Saw
21:39 Heavy Plow
21:57 Hand Cart
22:33 Gold Mining
24:48 Fletching
25:12 Bodkin Arrow
25:49 Stone Mining
27:44 Gold Shaft Mining
27:45 Caravan
27:59 Town Watch
28:27 Forging
28:23 Scale Barding Armor
28:35 Murder Holes
29:09 Town Patrol
33:12 Imperial Age
31:39 Chain Barding Armor
31:55 Iron Casting
31:46 Padded Archer Armor
34:12 Sipahi
35:01 Bombard Tower
35:02 Ballistics
37:48 Blast Furnace
37:24 Plate Barding Armor
36:49 Bracer
36:50 Scale Mail Armor
37:22 Guilds
37:16 Cavalier
38:07 Bloodlines
41:53 Leather Archer Armor
41:33 Elite Janissary
43:22 Husbandry
56:46 Artillery
57:08 Chain Mail Armor
Ykaru_C
12:18 Feudal Age
12:15 Loom
12:51 Double-Bit Axe
14:54 Horse Collar
24:43 Castle Age
23:51 Wheelbarrow
24:16 Gold Mining
24:32 Padded Archer Armor
24:22 Fletching
25:50 Heavy Plow
26:03 Bow Saw
25:20 Crossbowman
26:56 Leather Archer Armor
26:37 Bodkin Arrow
28:28 Gold Shaft Mining
28:20 Hand Cart
34:28 Imperial Age
34:16 Pikeman
34:57 Squires
34:42 Gambesons
34:43 Arson
36:31 Hoardings
36:31 Ring Archer Armor
36:11 Bracer
51:20 Cranequins
kriber
0:59 Loom
18:16 Feudal Age
19:14 Double-Bit Axe
19:14 Horse Collar
28:50 Castle Age
26:49 Gold Mining
26:57 Stone Mining
27:25 Forging
27:25 Scale Barding Armor
27:11 Fletching
27:35 Bloodlines
30:11 Scale Mail Armor
31:53 Heavy Plow
32:31 Stone Shaft Mining
32:11 Bow Saw
32:58 Caravan
33:46 Gold Shaft Mining
36:51 Imperial Age
35:19 Wheelbarrow
35:36 Iron Casting
35:23 Chain Barding Armor
35:07 Husbandry
36:26 Stirrups
37:21 Bodkin Arrow
37:41 Chain Mail Armor
38:40 Elite Konnik
42:03 Blast Furnace
41:39 Plate Barding Armor
41:07 Bracer
41:27 Hand Cart
41:47 Crop Rotation
43:27 Conscription
50:18 Siege Engineers
50:09 Murder Holes
Roars
0:39 Loom
11:28 Feudal Age
13:20 Wheelbarrow
12:33 Double-Bit Axe
25:09 Castle Age
26:17 Hand Cart
26:16 Bow Saw
26:07 Gold Mining
26:10 Stone Mining
29:18 Gold Shaft Mining
29:44 Fortified Wall
29:54 Ballistics
31:02 Caravan
36:58 Imperial Age
33:59 Pikeman
34:07 Elite Skirmisher
38:40 Chemistry
37:47 Siege Engineers
44:22 Ordonnance Companies
44:25 Elite Throwing Axeman
61:37 Halberdier
63:29 Squires
64:55 Forging
64:36 Fletching
Connection lost

Rejoining the realm…

Still unreachable

The connection could not be restored.

Session expired

The server has moved on; the page needs a fresh start.